 Dungeon Crawl Stone Soup version 0.25-a0-310-g60f0ac2 (webtiles) character file.

Game seed: 5455425031058706712, levelgen mode: deterministic

198 MrTaco21 the Cudgeler (level 5, -1/32 HPs)
             Began as a Gargoyle Fighter on Dec 23, 2019.
             Slain by Shhivv20's ghost (3 damage)
             ... on level 3 of the Dungeon.
             The game lasted 00:05:18 (2586 turns).

MrTaco21 the Cudgeler (Gargoyle Fighter)            Turns: 2586, Time: 00:05:18

Health: -1/32      AC: 12    Str: 20    XL:     5   Next: 77%
Magic:  14/14      EV:  5    Int:  9    God:
Gold:   83         SH: 13    Dex:  9    Spells: 4/4 levels left

rFire    . . .     SeeInvis .   a - +0 flail
rCold    . . .     Gourm    .   f - +0 large shield
rNeg     + . .     Faith    .   b - +0 scale mail
rPois    ∞         Spirit   .   (no helmet)
rElec    +         Reflect  .   (no cloak)
rCorr    .         Harm     .   (no gloves)
MR       .....                  j - +0 pair of boots
Stlth    ..........             (no amulet)
HPRegen  0.10/turn              t - ring of magical power
MPRegen  0.14/turn              (no ring)

@: no status effects
A: negative energy resistance 1, electricity resistance, unbreathing,
petrification resistance, rot immunity, AC +4
a: no special abilities


You were on level 3 of the Dungeon.
You were not hungry.

You visited 1 branch of the dungeon, and saw 3 of its levels.

You collected 83 gold pieces.

Inventory:

Hand Weapons
 a - a +0 flail (weapon)
Armour
 b - a +0 scale mail (worn)
 f - a +0 large shield (worn)
   (You found it on level 1 of the Dungeon)
 j - a +0 pair of boots (worn)
   (You found it on level 1 of the Dungeon)
Jewellery
 t - a ring of magical power (left hand)
   (You found it on level 3 of the Dungeon)
Scrolls
 k - a scroll of fear
 m - 3 scrolls of teleportation {unknown}
 n - a scroll of fog {unknown}
Potions
 c - a potion of agility {unknown}
 d - 2 potions of might
 g - a potion of resistance {unknown}
 h - a potion of mutation {unknown}
 l - a potion of magic {unknown}
 p - 3 potions of lignification {unknown}
 q - a potion of heal wounds {unknown}
 r - a potion of flight {unknown}
 u - a potion of curing {unknown}
Comestibles
 e - 4 rations {!d}


   Skills:
 - Level 3.2 Fighting
 + Level 5.8 Maces & Flails
 - Level 3.2 Armour
 - Level 3.2 Shields


You had 4 spell levels left.
You didn't know any spells.
Your spell library was empty.

Dungeon Overview and Level Annotations

Branches:
Dungeon (3/15)

Altars:
Elyvilon

Annotations:
D:3 1 transporter, Shhivv20's ghost, weakling MiHu


Innate Abilities, Weirdness & Mutations

You are resistant to torment.
Your stone body is resilient. (AC +4)
You are immune to poison.
You resist negative energy. (rN+)
You are resistant to electric shocks. (rElec)
You can survive without breathing.
You are immune to petrification.
You are immune to rotting.


Message History

You block the leopard gecko skeleton's attack.
The adder zombie bites you but does no damage.
Your shield and scale mail prevent you from hitting Shhivv20's ghost.
You block the adder zombie's attack. You block Shhivv20's ghost's attack.
The leopard gecko skeleton completely misses you.
The adder zombie bites you. You block the adder zombie's attack.
You miss Shhivv20's ghost.
Shhivv20's ghost hits you but does no damage.
You block the leopard gecko skeleton's attack.
The adder zombie bites you but does no damage.
You block the adder zombie's attack.
The leopard gecko skeleton bites you but does no damage.
Shhivv20's ghost hits you. The adder zombie bites you.
* * * LOW HITPOINT WARNING * * *
You barely miss Shhivv20's ghost. The adder zombie barely misses you.
Shhivv20's ghost hits you but does no damage.
You block the leopard gecko skeleton's attack.
You block the adder zombie's attack. x2
You thump Shhivv20's ghost! You block the adder zombie's attack.
You block Shhivv20's ghost's attack.
The leopard gecko skeleton barely misses you.
The adder zombie bites you.
* * * LOW HITPOINT WARNING * * *
You closely miss Shhivv20's ghost.
The adder zombie bites you but does no damage.
You block Shhivv20's ghost's attack.
The leopard gecko skeleton barely misses you.
You block the adder zombie's attack.
The adder zombie bites you but does no damage.
Shhivv20's ghost hits you but does no damage.
The leopard gecko skeleton bites you.
* * * LOW HITPOINT WARNING * * *
You closely miss Shhivv20's ghost. The adder zombie bites you.
* * * LOW HITPOINT WARNING * * *
The adder zombie bites you.
* * * LOW HITPOINT WARNING * * *
Shhivv20's ghost hits you.
* * * LOW HITPOINT WARNING * * *
You block the adder zombie's attack.
You block the leopard gecko skeleton's attack.
You hit Shhivv20's ghost but do no damage.
You block the adder zombie's attack.
The adder zombie bites you but does no damage.
The leopard gecko skeleton bites you but does no damage.
Shhivv20's ghost hits you but does no damage.
Unknown command.
You barely miss Shhivv20's ghost. The adder zombie bites you.
* * * LOW HITPOINT WARNING * * *
You block the adder zombie's attack. Shhivv20's ghost hits you.
You die...

...# #...###..##
...######...###[..#######
...[............©..)....#
...######.#############.#
.......##.#...........#.# ######
.......#..#...........#.# #....##
..........#..##...##..#.###......
.....>.##.#..#8ZWZ8#?.#........##
.......##.#..##Z@.##..#.#..÷...##
.......##.#.....©.....#.#.#...##.
..#.#####.#..##...##..#...##.....
#.#.# ##.#..#8...8#..#.####.###.
#...####..#..##...##..#.####.# ##
##........#...........#.##...#
#.........#....$:$..Z©#..#.### ##
...####...#############..#.# ###.
##.####.........©........#.# #...


You could see Shhivv20's ghost, 2 adder zombies and a leopard gecko skeleton.

Vanquished Creatures
  A bullfrog skeleton (D:3)
  Jessica (D:2)
  An orc wizard (D:3)
  A worker ant (D:3)
  3 adders
  An ooze (D:2)
  A worm (D:3)
  2 dart slugs
  2 leopard geckos
  4 orcs (D:3)
  6 bats
  A giant cockroach (D:3)
  9 goblins
  5 hobgoblins
  2 jackals (D:1)
  A quokka (D:3)
  6 frilled lizards
  6 kobolds
  8 rats
61 creatures vanquished.

Notes
Turn   | Place    | Note
-------+----------+-------------------------------------------
     0 | D:1      | MrTaco21 the Gargoyle Fighter began the quest for the Orb.
     0 | D:1      | Reached XP level 1. HP: 14/14 MP: 1/1
   110 | D:1      | Reached XP level 2. HP: 18/19 MP: 2/2
   205 | D:1      | Reached skill level 3 in Maces & Flails
   345 | D:1      | Reached XP level 3. HP: 12/23 MP: 3/3
  1049 | D:2      | Found a white marble altar of Elyvilon.
  1220 | D:2      | Noticed Jessica
  1230 | D:2      | Killed Jessica
  1230 | D:2      | Reached skill level 4 in Maces & Flails
  1230 | D:2      | Reached XP level 4. HP: 20/28 MP: 4/4
  1353 | D:2      | You fall into a shaft and drop 1 floor!
  1376 | D:3      | Found a transporter.
  1487 | D:3      | Found a transporter.
  1488 | D:3      | Noticed Shhivv20's ghost (weakling MiHu)
  1505 | D:3      | Reached skill level 5 in Maces & Flails
  1541 | D:3      | Reached XP level 5. HP: 32/32 MP: 5/5
  2586 | D:3      | Slain by Shhivv20's ghost

Levels and vault maps discovered:
D:1:      wheals_arrival_linesprint, layout_basic
D:2:      layout_basic, nicolae_overflow_crystal_walls, first_ration,
          st_stairs_6, uniq_jessica
D:3:      layout_rooms, gammafunk_ghost_mausoleum

Skill      XL: |  1  2  3  4 |
---------------+-------------+-----
Maces & Flails | 3 4 5 |  5.8
Fighting       | |  3.2
Armour         | |  3.2
Shields        | |  3.2

Action                   |  1- 3 |  4- 6 || total
-------------------------+-------+-------++-------
Melee: Flail             |   137 |   111 ||   248
  Use: Scroll            |       |     3 ||     3
  Eat: Chunk             |     1 |     5 ||     6
Armor: Scale mail        |    67 |    98 ||   165
Dodge: Dodged            |    48 |    34 ||    82
Block: Shield            |    81 |    51 ||   132
       Large shield      |       |    45 ||    45

Table legend:
 A = Non-vault XP
 B = Vault XP
 C = Vault XP percentage of total XP
 D = Non-vault monster count
 E = Vault monster count
 F = Vault count percentage of total count
                 A         B        C        D         E       F
            +---------+---------+-------+---------+---------+-------
      Total |     205 |      79 |  27.8 |      58 |       3 |   4.9
            +---------+---------+-------+---------+---------+-------
        D:1 |      44 |       0 |   0.0 |      29 |       0 |   0.0
        D:2 |      31 |      39 |  55.7 |       9 |       2 |  18.2
        D:3 |     130 |      40 |  23.5 |      20 |       1 |   4.8
            +---------+---------+-------+---------+---------+-------
